 Dungeon Crawl Stone Soup version 0.27.0-66-gdc8fb28755 (webtiles) character file.

Game seed: 15310073843092058655

31 Malachi the Ruffian (level 3, 36/36 HPs)
             Began as a Troll Monk on Aug 20, 2021.
             Got out of the dungeon alive.
             The game lasted 00:00:47 (416 turns).

Malachi the Ruffian (Troll Monk)                     Turns: 416, Time: 00:00:47

Health: 36/36      AC:  4    Str: 19    XL:     3   Next: 7%
Magic:  2/2        EV: 10    Int:  7    God:
Gold:   9          SH:  0    Dex: 12    Spells: 2/2 levels left

rFire    . . .     SeeInvis .     - Unarmed
rCold    . . .     Faith    .   (no shield)
rNeg     . . .     Spirit   .   a - +0 robe
rPois    .         Reflect  .   (helmet restricted)
rElec    .         Harm     .   (no cloak)
rCorr    .         Rampage  .   (gloves unavailable)
Will     .....                  (boots unavailable)
Stlth    ++........             (no amulet)
HPRegen  1.12/turn              (no ring)
MPRegen  0.08/turn              (no ring)

@: no status effects
A: large, unfitting armour, claws 3, regeneration 1, shaggy fur 1, tough skin 1
a: no special abilities


You escaped.
You visited 1 branch of the dungeon, and saw 1 of its levels.

You collected 9 gold pieces.

Inventory:

Armour
 a - a +0 robe (worn)
Scrolls
 c - 3 scrolls of enchant weapon {unknown}
 d - a scroll of enchant armour {unknown}
Potions
 b - a potion of cancellation {unknown}


   Skills:
 - Level 2.4 Fighting
 - Level 2.4 Dodging
 - Level 1.0 Stealth
 * Level 4.2 Unarmed Combat


You had 2 spell levels left.
You didn't know any spells.
Your spell library was empty.

Dungeon Overview and Level Annotations

Branches:
Dungeon (1/15)

Altars:


Innate Abilities, Weirdness & Mutations

You are too large for most types of armour.
You have claws for hands.
Your natural rate of healing is unusually fast.
You are covered in fur. (AC +1)
You have tough skin. (AC +1)


Message History

A giant cockroach is nearby!
A giant cockroach is nearby!
A giant cockroach is nearby!
The helpless giant cockroach fails to defend itself.
You claw the giant cockroach!
You kill the giant cockroach!
No target in view!
No target in view!
A goblin comes into view. It is wielding a +0 club.
A goblin is nearby!
A goblin is nearby!
A goblin is nearby!
You closely miss the goblin. The goblin hits you with a +0 club.
You closely miss the goblin. The goblin hits you with a +0 club.
You claw the goblin!
You kill the goblin!
You have reached level 3!
Your experience leads to an increase in your attributes!
Increase (S)trength, (I)ntelligence, or (D)exterity?
You feel clever.
You feel stronger.
Things that are here:
a +0 club; a goblin corpse A dart slug comes into view.
A dart slug is nearby!
A dart slug is nearby!
The dart slug launches a dart at you. The slug dart hits you.
The dart slug bites you but does no damage.
You scratch the dart slug.
The dart slug is lightly wounded.
The dart slug bites you but does no damage.
You scratch the dart slug but do no damage.
The dart slug is lightly wounded.
You claw the dart slug!
You kill the dart slug!
No target in view!
Found a red potion.
There is a staircase leading out of the dungeon here.
Are you sure you want to leave the Dungeon?
This will make you lose the game!
You have escaped!

≈≈≈≈≈≈≈≈≈≈≈≈. ≈≈≈≈≈≈≈≈≈≈..
######
≈≈≈≈≈≈≈≈≈..##########.....
≈≈≈≈≈≈≈≈≈.................
≈≈≈≈≈≈≈≈..................
≈≈≈≈≈≈≈≈..........!.......
≈≈≈≈≈≈≈...................
≈≈≈≈≈≈≈.##...........##...
≈≈≈≈≈≈..#@..#........##+#.
≈≈≈≈≈.......#.............
≈≈≈.....#.#+#.............
........#.................
#####.....................
#.#>..................
.#####.#.#....##.#.........
........................^#.
####.#......###......).....


There were no monsters in sight!

Vanquished Creatures
  2 dart slugs (D:1)
  A bat (D:1)
  2 giant cockroaches (D:1)
  2 goblins (D:1)
  4 jackals (D:1)
  4 ball pythons (D:1)
  4 frilled lizards (D:1)
  4 kobolds (D:1)
  A rat (D:1)
24 creatures vanquished.

Notes
Turn   | Place    | Note
-------+----------+-------------------------------------------
     0 | D:1      | Malachi the Troll Monk began the quest for the Orb.
     0 | D:1      | Reached XP level 1. HP: 22/22 MP: 0/0
    56 | D:1      | Reached XP level 2. HP: 29/29 MP: 1/1
   250 | D:1      | Reached skill level 4 in Unarmed Combat
   364 | D:1      | Reached XP level 3. HP: 36/36 MP: 2/2
   416 | D:$      | Got out of the dungeon alive.

Illustrated notes

Levels and vault maps discovered:
D:1:      dpeg_arrival_water_altar, layout_basic,
          shapermc_ecumenical_altar_petra, serial_park_tiny_pond

Skill      XL: |  1  2 |
---------------+-------+-----
Unarmed Combat | 4 |  4.2
Fighting       | |  2.4
Dodging        | |  2.4
Stealth        | |  1.0

Action                   || total
-------------------------++-------
Melee: Unarmed           ||    60
 Stab: Sleeping          ||     3
Armor: Robe              ||    23
Dodge: Dodged            ||    36
